 Dungeon Crawl Stone Soup version 0.19.5 (webtiles) character file.

16352 Gargoyl the Envoy of Void (level 12, 0/100 HPs)
             Began as a Ghoul Abyssal Knight on Mar 8, 2017.
             Was a High Priest of Lugonu.
             Slain by a death yak (17 damage)
             ... on level 1 of the Lair of Beasts.
             The game lasted 00:41:39 (12753 turns).

Gargoyl the Envoy of Void (Ghoul Abyssal Knight)   Turns: 12753, Time: 00:41:40

Health: 0/100      AC: 21    Str: 17    XL:     12   Next: 36%
Magic:  18/18      EV:  5    Int: 10    God:    Lugonu [*****.]
Gold:   869        SH: 10    Dex: 12    Spells: 0 memorised, 11 levels left

rFire  . . .     SeeInvis .     u - +2 trident (venom)
rCold  + . .     Gourm    .     a - +0 plate armour
rNeg   + + +     Faith    .     n - +0 shield
rPois  ∞         Spirit   .     j - +0 helmet {Int+3}
rElec  .         Reflect  .     y - +2 cloak {MR+}
rCorr  .         Harm     .     S - +1 pair of gloves
MR     +....                    (no boots)
Stlth  ..........               (no amulet)
                                C - ring of stealth
                                (no ring)

@: rotting
A: rotting body, claws 1, carnivore 3, cold resistance 1, negative energy
resistance 3, slow regeneration 1, torment resistance, unbreathing
a: Depart the Abyss, Bend Space, Banish, Corrupt, Enter the Abyss, Renounce
Religion


You were on level 1 of the Lair of Beasts.
You worshipped Lugonu.
Lugonu was extremely pleased with you.
You were not hungry.

You visited 2 branches of the dungeon, and saw 12 of its levels.
You visited the Abyss 1 time.

You collected 869 gold pieces.

Inventory:

Hand Weapons
 u - a +2 trident of venom (weapon)
 v - a +1 war axe of flaming
 N - a +0 war axe
Armour
 a - a +0 plate armour (worn)
 j - a +0 helmet of intelligence (worn)
 n - a +0 shield (worn)
 y - a +2 cloak of magic resistance (worn)
 S - a +1 pair of gloves (worn)
Jewellery
 k - an uncursed ring of ice
 C - a ring of stealth (right hand)
 K - an uncursed ring of fire
Wands
 q - a wand of flame (0/48)
 w - a wand of flame (0/48)
 A - a wand of iceblast (3/15)
 F - a wand of disintegration (5/24)
 I - a wand of flame (6/48)
 L - a wand of slowing (23/48)
 O - a wand of random effects (27/48)
 P - a wand of slowing (30/48)
 R - a wand of iceblast (3/15)
Scrolls
 b - 5 scrolls of identify
 i - 2 scrolls of recharging
 o - 3 scrolls of remove curse
 r - 5 scrolls of teleportation
 t - 2 scrolls of fear
 H - 3 scrolls of amnesia
Potions
 d - a potion of haste
 h - 4 potions of heal wounds {unknown}
 l - 3 potions of curing
 m - a potion of ambrosia
 p - 3 potions of agility {unknown}
 s - 3 potions of might
 x - 5 potions of flight {unknown}
 z - 3 potions of brilliance {unknown}
 B - 2 potions of cancellation {unknown}
 D - 2 potions of lignification {unknown}
 E - 2 potions of invisibility
 G - 2 potions of cure mutation {unknown}
 J - a potion of magic {unknown}
Books
 e - a book of Party Tricks

   Spells                             Type                      Level
   a - Summon Butterflies             Summoning                    1
   b - Apportation                    Translocation                1
   c - Lesser Beckoning               Translocation                3
   d - Tukima's Dance                 Hexes                        3
   e - Alistair's Intoxication        Transmutation/Poison         5
   f - Invisibility                   Hexes                        6
 M - a Young Poisoner's Handbook

   Spells                             Type                      Level
   a - Sting                          Conjuration/Poison           1
   b - Mephitic Cloud                 Conjuration/Poison/Air       3
   c - Olgreb's Toxic Radiance        Poison                       4
   d - Alistair's Intoxication        Transmutation/Poison         5
   e - Venom Bolt                     Conjuration/Poison           5
Comestibles
 c - 8 meat rations
 f - 8 beef jerkies


   Skills:
 + Level 7.1 Fighting
 + Level 3.2(6.9) Axes
 + Level 9.5(9.8) Polearms
 + Level 0.5 Throwing
 * Level 9.6 Armour
 + Level 2.5 Dodging
 + Level 6.1 Shields
 * Level 9.8 Invocations
 + Level 2.6 Evocations


You had 11 spell levels left.
You didn't know any spells.

Dungeon Overview and Level Annotations

Branches:
Dungeon (10/15)            Temple (0/1) D:4            Lair (2/6) D:10
  Swamp: Lair:2-4    Shoals: Lair:2-4     Snake: Lair:2-4    Spider: Lair:2-4
    Orc: D:9-12

Altars:
Fedhas
Hepliaklqana
Nemelex Xobeh
Okawaru
Uskayaw
Vehumet
Zin

Shops:
D:6 :

Annotations:
D:6 exclusion: oklob plant


Innate Abilities, Weirdness & Mutations

Your body is rotting away.
You thrive on raw meat.
You are immune to poison.
You have sharp fingernails.
You are carnivorous and can eat meat at any time.
Your flesh is cold resistant. (rC+)
You are immune to negative energy. (rN+++)
You regenerate slowly when monsters are visible.
You are immune to unholy pain and torment.
You can survive without breathing.


Message History

You puncture the death yak!
You kill the death yak!
Lugonu accepts your kill.
You hit the death yak but do no damage.
The death yak looks even sicker.
The death yak is lightly wounded.
You hit the death yak but do no damage.
The death yak looks as sick as possible!
The death yak is lightly wounded.
The death yak gores you!
* * * LOW HITPOINT WARNING * * *
You feel better. The death yak barely misses you.
You barely miss the death yak.
The death yak is lightly wounded.
The death yak completely misses you.
You hit the death yak.
The death yak is lightly wounded.
The hippogriff looks more healthy.
The death yak gores you!!
* * * LOW HITPOINT WARNING * * *
You feel better. The death yak gores you!
You die...

#..# #..## #...# #...# ###
######### #...# ####..
#P...##P## ### #...#######.....
#P.......###.# #...#P##....#...
##.#........#####...#...........
##.#####....HY@).........#.....
### ###....###........P......
#.#...## #...............
##....## ##..............
##.....## ##........).....
##.......## #..............#
###.........#####.....#.....##
#............# ##....##...##
##............# #.#..###..P#


You could see a death yak and a hippogriff.

Vanquished Creatures
  Gastronok (D:8)
  Erica (D:9)
  A death yak (Lair:1)
  A hill giant (D:10)
  A black mamba (Lair:1)
  A gargoyle (D:10)
  An ice statue (D:10)
  2 spiny frogs (Lair:1)
  2 komodo dragons (Lair:1)
  A rime drake (Lair:1)
  6 ice devils (D:10)
  A two-headed ogre (D:8)
  6 hippogriffs
  16 yaks
  A wraith (D:9)
  A basilisk (Lair:1)
  2 water moccasins
  2 hell hounds
  3 porcupines (Lair:1)
  3 orc warriors
  3 ice beasts
  4 black bears
  2 sky beasts (D:10)
  3 ogres
  2 phantoms
  4 wolves (Lair:2)
  3 crocodiles (Lair:1)
  3 centaurs
  A big kobold (D:7)
  4 bullfrogs
  3 scorpions
  4 wights (D:8)
  A bullfrog zombie (D:8)
  4 crimson imps
  10 orc wizards
  A quasit (D:10)
  2 orc priests (D:9)
  2 centaur skeletons
  A gnoll shaman (D:6)
  10 hounds
  A jelly (D:10)
  4 iguanas
  7 worker ants
  A hound zombie (D:3)
  A worker ant zombie (D:8)
  4 gnolls (D:5)
  9 adders
  6 ufetubi (D:10)
  An adder zombie (D:4)
  2 adder skeletons
  3 worms
  2 dart slugs (D:1)
  3 leopard geckos
  37 orcs
  2 ball pythons (D:2)
  9 giant cockroaches
  8 goblins
  8 hobgoblins
  7 jackals
  2 quokkas
  6 bats
  9 frilled lizards
  17 kobolds
  A leopard gecko skeleton (D:5)
  A quokka skeleton (D:9)
  10 rats
281 creatures vanquished.

Vanquished Creatures (collateral kills)
  A centaur skeleton (D:8)
  An adder (D:8)
2 creatures vanquished.

Vanquished Creatures (others)
  The ghost of vilekko the Protected, a novice MiFi of Trog (Lair:1)
  An ugly thing (D:10)
  7 bushes (Abyss:3)
  4 fungi (D:6)
  2 plants (Abyss:3)
15 creatures vanquished.

Grand Total: 298 creatures vanquished

Notes
Turn   | Place    | Note
-------+----------+-------------------------------------------
     0 | Abyss:1  | Gargoyl the Ghoul Abyssal Knight began the quest for the Orb.
     0 | Abyss:1  | Reached XP level 1. HP: 19/19 MP: 1/1
   131 | Abyss:3  | Noticed an ancient zyme
   178 | Abyss:3  | Noticed a tormentor
   179 | Abyss:3  | Noticed a large abomination
   181 | D:1      | Escaped the Abyss
   320 | D:1      | Reached skill level 1 in Dodging
   344 | D:1      | Reached * piety under Lugonu
   389 | D:1      | Reached XP level 2. HP: 24/26 MP: 2/2
   883 | D:1      | Reached XP level 3. HP: 29/31 MP: 3/3
  1398 | D:2      | Reached XP level 4. HP: 31/40 MP: 4/4
  2474 | D:3      | Reached ** piety under Lugonu
  2853 | D:3      | Reached XP level 5. HP: 35/46 MP: 6/6
  3357 | D:4      | Found a hide-covered altar of Uskayaw.
  3357 | D:4      | Noticed a dagger
  3357 | D:4      | Noticed an enchanted hand axe
  3483 | D:4      | Reached skill level 1 in Polearms
  3529 | D:4      | Reached XP level 6. HP: 52/52 MP: 7/7
  3558 | D:4      | Found a staircase to the Ecumenical Temple.
  3588 | D:4      | Noticed a phantom
  3666 | D:4      | Killed a phantom
  3666 | D:4      | Reached skill level 1 in Shields
  4006 | D:5      | Entered Level 5 of the Dungeon
  4013 | D:5      | Found a glowing silver altar of Zin.
  4015 | D:5      | Noticed an ice beast
  4018 | D:5      | Noticed an ice beast
  4039 | D:5      | Killed an ice beast
  4039 | D:5      | Reached XP level 7. HP: 30/57 MP: 8/8
  4651 | D:5      | Reached *** piety under Lugonu
  4740 | D:6      | Found a blossoming altar of Fedhas.
  4756 | D:6      | Noticed an oklob plant
  4940 | D:6      | Reached XP level 8. HP: 21/65 MP: 10/10
  5637 | D:6      | Found Mifruem's Book Shoppe.
  5895 | D:6      | Reached skill level 5 in Armour
  6153 | D:7      | Reached skill level 5 in Invocations
  6243 | D:7      | Found a hazy altar of Hepliaklqana.
  6247 | D:7      | Reached **** piety under Lugonu
  6512 | D:7      | Reached XP level 9. HP: 50/72 MP: 12/12
  6593 | D:7      | Found an iron altar of Okawaru.
  6622 | D:7      | Reached skill level 5 in Polearms
  7014 | D:8      | Noticed Gastronok
  7031 | D:8      | Killed Gastronok
  7031 | D:8      | Reached skill level 5 in Fighting
  7031 | D:8      | Reached XP level 10. HP: 31/82 MP: 13/13
  7786 | D:8      | Found a radiant altar of Vehumet.
  8002 | D:9      | Found a sparkling altar of Nemelex Xobeh.
  8148 | D:8      | Reached ***** piety under Lugonu
  8376 | D:9      | Got a jewelled mace
  8378 | D:9      | Identified the cursed +1 mace of Interdependent Arising {venom, +Inv rElec rF- Str-2} (You found it on level 9 of the Dungeon)
  8437 | D:9      | Found an iron altar of Okawaru.
  8668 | D:9      | Reached skill level 5 in Shields
  8985 | D:10     | Entered Level 10 of the Dungeon
  9087 | D:10     | Noticed an ice statue
  9154 | D:10     | Reached XP level 11. HP: 89/89 MP: 15/15
  9164 | D:10     | Reached skill level 1 in Evocations
  9237 | D:10     | Noticed a red ugly thing
  9463 | D:10     | Banished a red ugly thing
  9995 | D:10     | Noticed Erica
 10078 | D:9      | Killed Erica
 10240 | D:10     | Found a staircase to the Lair.
 10352 | D:10     | Noticed a hill giant
 10388 | D:10     | Killed a hill giant
 10789 | Lair:1   | Entered Level 1 of the Lair of Beasts
 11016 | Lair:1   | Noticed vilekko's ghost (novice MiFi)
 11033 | Lair:1   | Banished vilekko's ghost
 11840 | Lair:1   | Reached XP level 12. HP: 50/96 MP: 18/18
 12443 | Lair:2   | Noticed a death yak
 12443 | Lair:2   | Noticed a death yak
 12444 | Lair:2   | Noticed a death yak
 12747 | Lair:1   | Killed a death yak
 12753 | Lair:1   | Slain by a death yak

Skill      XL: |  1  2  3  4  5  6  7  8  9 10 11 12 |
---------------+-------------------------------------+-----
Dodging        | 1 2 |  2.5
Armour         | 2 3 4 5 7 8 9 |  9.6
Axes           | 2 3 |  3.2
Invocations    | 3 4 5 6 7 9 |  9.8
Polearms       | 1 3 4 6 8 9 |  9.5
Fighting       | 4 5 6 7 |  7.1
Shields        | 1 2 3 4 5 6 |  6.1
Evocations     | 2 |  2.6
Throwing       | |  0.5

Action                   |  1- 3 |  4- 6 |  7- 9 | 10-12 || total
-------------------------+-------+-------+-------+-------++-------
Melee: Hand axe          |   127 |   132 |       |       ||   259
       Trident           |       |   160 |   375 |   664 ||  1199
       War axe           |       |       |       |    40 ||    40
Throw: Tomahawk          |       |       |       |     5 ||     5
Invok: Depart the Abyss  |     1 |       |       |       ||     1
       Bend Space        |       |       |       |     6 ||     6
       Banish            |       |       |       |     6 ||     6
Evoke: Wand              |       |       |     1 |    85 ||    86
  Use: Scroll            |     1 |     7 |     9 |     9 ||    26
       Potion            |       |       |       |     3 ||     3
  Eat: Chunk             |    16 |    25 |    31 |   108 ||   180
Armor: Chain mail        |    91 |   253 |   206 |       ||   550
       Plate armour      |       |       |     9 |   439 ||   448
Dodge: Dodged            |    39 |    64 |    66 |   126 ||   295
Block: Shield            |       |    95 |   136 |   357 ||   588
